 Dungeon Crawl Stone Soup version 0.30-a0-1074-g5db6f66fbb (webtiles) character file.

Game seed: 11390238676839585621

35 senseless the Insei (level 3, -1/23 HPs)
             Began as an Octopode Transmuter on Apr 13, 2023.
             Slain by an orc
             ... wielding a +0 falchion
              (5 damage)
             ... on level 2 of the Dungeon.
             The game lasted 00:02:34 (1388 turns).

senseless the Insei (Octopode Transmuter)           Turns: 1388, Time: 00:02:35

Health: -1/23      AC:  1    Str: 11    XL:     3   Next: 35%
Magic:  5/6        EV: 13    Int: 21    God:
Gold:   79         SH:  0    Dex: 12    Spells: 5/6 levels left

rFire   + . .      SeeInvis .      - Unarmed
rCold   x . .      Faith    .    (no shield)
rNeg    . . .      Spirit   .    (helmet currently unavailable)
rPois   .          Reflect  .    (no amulet)
rElec   .          Rampage  .    k - +6 ring of intelligence
rCorr   .                        n - ring of fire
Will    .....                    (no ring)
Stlth   ++                       (no ring)
HPRegen 0.23/turn                (no ring)
MPRegen 0.10/turn                (no ring)
                                 (no ring)
                                 (no ring)

@: appendages
A: tentacle spike 3, almost no armour, amphibious, 8 rings, camouflage 1,
gelatinous body 1, (nimble swimmer 1), tentacles
a: End Transformation


You were on level 2 of the Dungeon.
One of your tentacles had grown a beastly spike.
You visited 1 branch of the dungeon, and saw 2 of its levels.

You collected 79 gold pieces.

Inventory:

Hand Weapons
 a - a +0 sling
Jewellery
 k - a +6 ring of intelligence (left tentacle)
 n - a ring of fire (right tentacle)
Scrolls
 b - a scroll of enchant weapon {unknown}
 c - a scroll of fear {unknown}
 d - a scroll of teleportation {unknown}
 e - a scroll of blinking {unknown}
 g - a scroll of vulnerability {unknown}
 h - a scroll of identify {unknown}
 j - 2 scrolls of immolation {unknown}
 m - 2 scrolls of noise {unknown}
Potions
 f - a potion of lignification
 i - a potion of haste {unknown}
 l - 2 potions of invisibility {unknown}
 o - a potion of magic {unknown}


   Skills:
 + Level 1.6 Fighting
 + Level 2.4 Dodging
 + Level 3.2 Unarmed Combat
 + Level 2.3 Spellcasting
 + Level 2.3 Transmutations


You had 5 spell levels left.
You knew the following spells:

 Your Spells              Type           Power      Damage    Failure   Level
a - Beastly Appendage     Tmut           24%        N/A       5%          1

Your spell library contained the following spells:

 Spells                   Type           Power      Damage    Failure   Level
 Wereblood                Tmut           12%        N/A       9%          2
 Magic Dart               Conj           8%         1d3       14%         1
 Call Imp                 Summ           4%         N/A       22%         2
 Spider Form              Tmut/Pois      7%         N/A       26%         3
 Mephitic Cloud           Conj/Pois/Air  2%         N/A       41%         3
 Ice Form                 Ice/Tmut       7%         N/A       65%         4


Dungeon Overview and Level Annotations

Branches:
Dungeon (2/15)

Altars:


Innate Abilities, Weirdness & Mutations

One of your tentacles has grown a beastly spike.
You cannot wear most types of armour.
You are amphibious.
You can wear up to eight rings at the same time.
Your skin changes colour to match your surroundings (Stealth+).
Your rubbery body absorbs attacks. (AC +1, EV +1)
((You are camouflaged when in or above water. (Stealth+)))
You have tentacles for arms and can constrict up to eight enemies at once.


Message History

One of your tentacles grows a vicious spike.
The rat barely misses you.
You tentacle-slap the rat.
You kill the rat!
No target in view!
Found 4 stones.
n - a ring of fire You feel more attuned to fire.
n - a ring of fire (right tentacle)
Found a whip.
Your transformation is almost over.
l - 2 clear potions (gained 1)
Found a stone staircase leading down.
Your tentacle spike disappears.
o - a smoky amethyst potion An orc comes into view.
It is wielding a +0 hand axe.
You see here 4 stones.
One of your tentacles grows a vicious spike.
The orc shouts!
You hear a shout!
An orc comes into view. It is wielding a +0 falchion.
An orc comes into view. It is wielding a +0 short sword.
You tentacle-slap the orc but do no damage.
You grab the orc.
You pierce the orc.
You squeeze the orc.
You kill the orc!
An orc priest comes into view. It is wielding a +0 trident.
The orc closely misses you.
Things that are here:
a +0 hand axe; a +0 leather armour You closely miss the orc.
Your grab misses the orc.
You pierce the orc, but do no damage.
You tentacle-slap the orc but do no damage.
Your grab misses the orc.
You pierce the orc.
The orc is moderately wounded.
The orc priest mumbles some strange prayers to Beogh against you.
Beogh smites you!
Ouch! That really hurt!
The orc hits you with a +0 falchion.
* * * LOW HITPOINT WARNING * * *
The orc attacks as you move away! The orc hits you with a +0 falchion.
You die...

#. #< ##. #. # ##.. ..
.##... .. ... #o
....###.# ###..
#..######|.............
#.........# #.#..###.
#...oo@...# #.#..# #.
#.........#####....#
......>....(.......#
##.###.###.......### #
#. #.......#
###.###.......#
.)..............#
.....##.######### ....
#........#


You could see an orc priest and 2 orcs.

Vanquished Creatures
  An adder (D:2)
  A dart slug (D:1)
  An orc (D:2)
  2 endoplasms
  2 goblins (D:2)
  4 hobgoblins
  3 ball pythons
  A bat (D:1)
  2 frilled lizards (D:1)
  3 kobolds
  3 rats
  A spectral kobold (D:1)
24 creatures vanquished.

Vanquished Creatures (others)
  10 toadstools (D:2)
10 creatures vanquished.

Grand Total: 34 creatures vanquished

Notes
Turn   | Place    | Note
-------+----------+-------------------------------------------
     0 | D:1      | senseless the Octopode Transmuter began the quest for the
                  | Orb.
     0 | D:1      | Reached XP level 1. HP: 13/13 MP: 3/3
   148 | D:1      | Found a faded altar of an unknown god.
   343 | D:1      | Reached XP level 2. HP: 18/18 MP: 3/5
  1158 | D:2      | Reached XP level 3. HP: 12/23 MP: 4/6
  1388 | D:2      | Slain by an orc

Illustrated notes

Levels and vault maps discovered:
D:1:      minmay_arrival_plants_in_alcoves, layout_basic,
          dreamdust_ecumenical_altar_drowned_temple
D:2:      cheibrodos_fertilizer, layout_basic, minmay_split_cup_small

Action                     || total
---------------------------++-------
  Melee: Unarmed           ||    49
         Kick              ||    19
         Constrict         ||    15
         Tentacles         ||     8
   Fire: Sling             ||    10
   Cast: Beastly Appendage ||    16
   Stab: Sleeping          ||     1
 Armour: Skin              ||     4
  Dodge: Dodged            ||    23

Table legend: (Time is in decaauts)
 A = Elapsed time spent in this place.
 B = Non-inter-level travel time spent in this place.
 C = Inter-level travel time spent in this place.
 D = Time resting spent in this place.
 E = Time spent auto-exploring this place.
 F = Levels seen in this place.
 G = Mean time per level.
                   A        B        C        D        E       F      G
               +--------+--------+--------+--------+--------+-----+--------+
         Total |   1382 |   1322 |     60 |     93 |   1051 |   2 |  691.0 |
       Dungeon |   1382 |   1322 |     60 |     93 |   1051 |   2 |  691.0 |
               +--------+--------+--------+--------+--------+-----+--------+

Top non-repeatable levels by time:
     D:1: 1060 daAuts
     D:2: 321 daAuts
